 Dungeon Crawl Stone Soup version 0.21.1-1-g345015f (webtiles) character file.

106 Mesmaeker13 the Charmwright (level 4, -1/37 HPs)
             Began as a Demigod Skald on Feb 27, 2018.
             Slain by a centaur (2 damage)
             ... on level 3 of the Dungeon.
             The game lasted 00:03:49 (2742 turns).

Mesmaeker13 the Charmwright (Demigod Skald)         Turns: 2742, Time: 00:03:50

Health: -1/37      AC:  5    Str: 16    XL:     4   Next: 30%
Magic:  9/9        EV: 10    Int: 17    God:
Gold:   89         SH:  3    Dex: 15    Spells: 5/6 levels left

rFire    . . .     SeeInvis .   a - +0 spear
rCold    . . .     Gourm    .   l - +0 buckler
rNeg     . . .     Faith    .   k - +0 ring mail
rPois    .         Spirit   .   (no helmet)
rElec    .         Reflect  .   (no cloak)
rCorr    .         Harm     .   (no gloves)
MR       .....                  (no boots)
Stlth    +.........             (no amulet)
HPRegen  0.12/turn              (no ring)
MPRegen  0.11/turn              (no ring)

@: no status effects
A: high mp 1
a: no special abilities


You were on level 3 of the Dungeon.
You were not hungry.

You visited 1 branch of the dungeon, and saw 3 of its levels.

You collected 89 gold pieces.

Inventory:

Hand Weapons
 a - a +0 spear (weapon)
Missiles
 i - 2 curare-tipped needles
Armour
 f - a +0 plate armour
 k - a +0 ring mail (worn)
 l - a +0 buckler (worn)
Jewellery
 m - an uncursed ring of fire {unknown}
Scrolls
 b - a scroll of fear {unknown}
 e - a scroll of immolation {unknown}
 j - a scroll of teleportation {unknown}
Potions
 g - 2 potions of brilliance
Books
 c - a book of Battle

   Spells                             Type                      Level
   a - Infusion                       Charms                       1
   b - Shroud of Golubria             Charms/Translocation         2
   c - Song of Slaying                Charms                       2
   d - Spectral Weapon                Hexes/Charms                 3
   e - Regeneration                   Charms/Necromancy            3
Comestibles
 d - 11 rations


   Skills:
 + Level 2.7 Fighting
 + Level 2.6 Polearms
 + Level 2.0 Armour
 - Level 1.7 Dodging
 - Level 1.7 Spellcasting
 + Level 3.3 Charms


You had 5 spell levels left.
You knew the following spells:

 Your Spells              Type           Power        Failure   Level  Hunger
a - Infusion              Chrm           ##..         16%         1    #......


Dungeon Overview and Level Annotations

Branches:
Dungeon (3/15)


Innate Abilities, Weirdness & Mutations

You have an increased reservoir of magic. (+10% MP)


Message History

The centaur hits you but does no damage.
You hit the centaur.
The centaur is heavily wounded.
The centaur hits you.
* * * LOW HITPOINT WARNING * * *
You hit the centaur.
The centaur is heavily wounded.
The centaur hits you but does no damage.
The centaur barely misses you.
You barely miss the centaur.
The centaur is heavily wounded.
The centaur hits you.
* * * LOW HITPOINT WARNING * * *
You hit the centaur.
The centaur is severely wounded.
You block the centaur's attack. The centaur misses you.
You hit the centaur but do no damage.
The centaur is severely wounded.
The centaur hits you.
You die...

#########
#.......#
##...###.#
##.(...##.########
#.(...............
##(....#..###..###
#@........###..###
#c#...............
#.##.###.####..##.
#.##.# #.####..##.
#.##.###..........
#.............####
### ##..>.....#
#.....>...#
###.........#


You could see a centaur.

Vanquished Creatures
  4 adders
  A shadow imp (D:2)
  3 worms (D:2)
  4 dart slugs
  A leopard gecko (D:1)
  4 giant cockroaches
  7 goblins
  2 hobgoblins
  2 jackals (D:2)
  3 kobolds (D:1)
  A quokka (D:2)
  A ball python (D:2)
  6 bats (D:1)
  2 frilled lizards
  7 rats
48 creatures vanquished.

Notes
Turn   | Place    | Note
-------+----------+-------------------------------------------
     0 | D:1      | Mesmaeker13 the Demigod Skald began the quest for the Orb.
     0 | D:1      | Reached XP level 1. HP: 17/17 MP: 5/5
    70 | D:1      | Reached skill level 1 in Armour
   457 | D:1      | Reached XP level 2. HP: 24/24 MP: 7/7
   865 | D:1      | Reached skill level 3 in Charms
  1097 | D:2      | Reached XP level 3. HP: 24/29 MP: 8/8
  1720 | D:2      | Noticed a moth of wrath
  1723 | D:2      | Found a bloodstained altar of Trog.
  1907 | D:2      | Reached XP level 4. HP: 20/37 MP: 9/9
  2731 | D:3      | Noticed a centaur
  2740 | D:3      | HP: 1/37 [centaur (1)]
  2742 | D:3      | Slain by a centaur

Skill      XL: |  1  2  3  4 |
---------------+-------------+-----
Armour         | 1 2 |  2.0
Fighting       | 2 |  2.7
Polearms       | 2 |  2.6
Charms         | 3 |  3.3
Dodging        | |  1.7
Spellcasting   | |  1.7

Action                   |  1- 3 |  4- 6 || total
-------------------------+-------+-------++-------
Melee: Spear             |   180 |    80 ||   260
  Use: Scroll            |     2 |       ||     2
       Potion            |     3 |       ||     3
  Eat: Chunk             |     3 |     3 ||     6
Armor: Leather armour    |    16 |       ||    16
       Ring mail         |    28 |    25 ||    53
Dodge: Dodged            |    66 |    33 ||    99
Block: Buckler           |    10 |     4 ||    14
